 Dungeon Crawl Stone Soup version 0.30-a0-696-g2367cd04db (webtiles) character file.

Game seed: 11123536562328640390

51 Shayle the Poker (level 3, 0/28 HPs)
             Began as a Demonspawn Reaver on Jan 21, 2023.
             Succumbed to an adder's poison
             ... on level 2 of the Dungeon.
             The game lasted 00:04:42 (1478 turns).

Shayle the Poker (Demonspawn Reaver)                Turns: 1478, Time: 00:04:43

Health: 0/28       AC:  3    Str: 12    XL:     3   Next: 57%
Magic:  6/6        EV: 12    Int: 16    God:
Gold:   98         SH:  0    Dex: 11    Spells: 2/6 levels left

rFire   . . .      SeeInvis .    a - +0 spear
rCold   + . .      Faith    .    (no shield)
rNeg    . . .      Spirit   .    b - +0 leather armour
rPois   .          Reflect  .    (no helmet)
rElec   .          Harm     .    (no cloak)
rCorr   .          Rampage  .    (no gloves)
Will    .....                    (no boots)
Stlth   +                        (no amulet)
HPRegen 0.24/turn                d - ring of protection from cold
MPRegen 0.10/turn                (no ring)

@: lethally poisoned (0 -> -2)
A: demonic magic 1
a: no special abilities


You were on level 2 of the Dungeon.
You visited 1 branch of the dungeon, and saw 2 of its levels.

You collected 98 gold pieces.

Inventory:

Hand Weapons
 a - a +0 spear (weapon)
Missiles
 f - 5 poisoned darts (quivered)
Armour
 b - a +0 leather armour (worn)
Jewellery
 d - a ring of protection from cold (left hand)
Scrolls
 e - a scroll of enchant armour


   Skills:
 + Level 2.7 Fighting
 + Level 3.2 Polearms
 + Level 2.5 Dodging
 - Level 2.0 Spellcasting
 + Level 3.0 Conjurations
 + Level 0.1 Earth Magic


You had 2 spell levels left.
You knew the following spells:

 Your Spells              Type           Power      Damage    Failure   Level
a - Kiss of Death         Conj/Necr      24%        2d7       14%         1
b - Stone Arrow           Conj/Erth      12%        3d7       38%         3

Your spell library contained the following spells:

 Spells                   Type           Power      Damage    Failure   Level
 Momentum Strike          Conj/Tloc      12%        3d8       22%         2
 Apportation              Tloc           2%         N/A       26%         1
 Necrotise                Necr           4%         1d4       26%         1
 Sandblast                Erth           4%         2d4       26%         1
 Slow                     Hex            4%         N/A       26%         1
 Summon Small Mammal      Summ           4%         N/A       26%         1
 Passwall                 Tmut/Erth      0%         N/A       36%         2
 Hailstorm                Conj/Ice       6%         3d4       38%         3
 Confusing Touch          Hex            1%         N/A       61%         3
 Vampiric Draining        Necr           1%         2d6       61%         3
 Vhi's Electric Charge    Tloc/Air       2%         N/A       61%         3
 Arcjolt                  Conj/Air       3%         1d13      98%         5
 Maxwell's Capacitive Co  Air            0%         ∞         100%        8


Dungeon Overview and Level Annotations

Branches:
Dungeon (2/15)

Altars:


Innate Abilities, Weirdness & Mutations

Spells you cast may paralyse adjacent enemies.


Message History

The adder is severely wounded.
You feel sick. The adder barely misses you.
You miss the adder.
The adder is severely wounded.
You feel sick. The adder barely misses you.
You closely miss the adder.
The adder is severely wounded.
You feel sick.
You are no longer poisoned.
The adder bites you.
* * * LOW HITPOINT WARNING * * *
You miss the adder.
The adder is severely wounded.
The adder closely misses you. The adder bites you.
* * * LOW HITPOINT WARNING * * *
You are poisoned.
The adder poisons you!
You barely miss the adder.
The adder is severely wounded.
* * * LOW HITPOINT WARNING * * *
You feel sick. The adder closely misses you.
You aren't carrying any potions.
Okay, then.
Cast which spell? (? or * to list)
Okay, then.
You aren't carrying any potions.
Unknown command.
As you read the scroll labelled RACZATS PEXI, it crumbles to dust.
It is a scroll of identify.
e - a scroll of enchant armour
* * * LOW HITPOINT WARNING * * *
You feel sick. The adder closely misses you.
You miss the adder.
The adder is severely wounded.
* * * LOW HITPOINT WARNING * * *
You feel sick. The adder bites you.
* * * LOW HITPOINT WARNING * * *
You closely miss the adder.
The adder is severely wounded.
You die...

#.≈≈§§≈)≈≈≈≈≈.≈ .....
#.≈###≈.§###≈.≈# §§
..... #§≈ #≈.§# #≈.§#
≈.≈ .....
#§≈###≈§§###≈.§###§.§
.....
.§≈§≈≈≈§§≈≈≈≈§§≈≈§§§≈
.....
..§...............§
.....
.§§≈≈≈≈.§≈≈≈§l§§≈
.....
..≈###≈.≈###≈S§#
#≈..... ..≈ #≈.≈#
#≈@§# #≈.####
..≈###≈§§###≈§§###≈.≈
#≈. #..
..§§≈≈≈.§§≈≈≈§§§≈≈≈:≈
≈.##.#
......[.....§........
..#..
.############....####
#.#.. #....# #.#..
#....# ##....
#....### ##....#
#....+.# ##..##.#


You could see an adder and a frilled lizard.

Vanquished Creatures
  An adder (D:2)
  A dart slug (D:1)
  6 ball pythons (D:1)
  6 endoplasms
  2 giant cockroaches (D:1)
  2 goblins
  A hobgoblin (D:1)
  2 jackals (D:1)
  3 quokkas
  3 bats (D:1)
  2 frilled lizards (D:1)
  4 kobolds
  2 rats (D:1)
35 creatures vanquished.

Vanquished Creatures (others)
  A plant (D:1)
1 creature vanquished.

Grand Total: 36 creatures vanquished

Notes
Turn   | Place    | Note
-------+----------+-------------------------------------------
     0 | D:1      | Shayle the Demonspawn Reaver began the quest for the Orb.
     0 | D:1      | Reached XP level 1. HP: 16/16 MP: 3/3
   104 | D:1      | Found a faded altar of an unknown god.
   180 | D:1      | Gained mutation: Spells you cast may paralyse adjacent
                  | enemies. [demonic ancestry]
   180 | D:1      | Reached XP level 2. HP: 18/22 MP: 5/5
   651 | D:1      | Reached XP level 3. HP: 10/28 MP: 6/6
  1263 | D:2      | Learned a level 3 spell: Stone Arrow
  1477 | D:2      | HP: 1/28 [adder (2)]
  1478 | D:2      | Succumbed to an adder's poison

Illustrated notes

Levels and vault maps discovered:
D:1:      dpeg_arrival_tiny_j, layout_basic,
          dreamdust_ecumenical_altar_hidden_monk_grotto, minmay_box_of_dots
D:2:      layout_basic, kennysheep_boxes

Skill      XL: |  1  2 |
---------------+-------+-----
Dodging        | 2 |  2.5
Polearms       | 3 |  3.2
Fighting       | |  2.7
Spellcasting   | |  2.0
Conjurations   | |  3.0
Earth Magic    | |  0.1

Action                   || total
-------------------------++-------
Melee: Spear             ||   158
       Punch             ||     1
Throw: Dart              ||     2
  Use: Scroll            ||     1
Armor: Leather armour    ||    38
Dodge: Dodged            ||    98

Table legend: (Time is in decaauts)
 A = Elapsed time spent in this place.
 B = Non-inter-level travel time spent in this place.
 C = Inter-level travel time spent in this place.
 D = Time resting spent in this place.
 E = Time spent auto-exploring this place.
 F = Levels seen in this place.
 G = Mean time per level.
                   A        B        C        D        E       F      G
               +--------+--------+--------+--------+--------+-----+--------+
         Total |   1468 |   1448 |     20 |    166 |    898 |   2 |  734.0 |
       Dungeon |   1468 |   1448 |     20 |    166 |    898 |   2 |  734.0 |
               +--------+--------+--------+--------+--------+-----+--------+

Top non-repeatable levels by time:
     D:1: 1134 daAuts
     D:2: 334 daAuts
